 Dungeon Crawl Stone Soup version 0.27.0-1-g7a089689b8 (webtiles) character file.

Game seed: 16977587138955913871

7224 Strat the Cleaver (level 10, 0/95 (99) HPs)
             Began as a Deep Dwarf Gladiator on Aug 7, 2021.
             Was a Believer of Makhleb.
             Slain by a sun demon (9 damage)
             ... summoned by an orc sorcerer
             ... on level 2 of the Orcish Mines.
             The game lasted 00:19:46 (5620 turns).

Strat the Cleaver (Deep Dwarf Gladiator)            Turns: 5620, Time: 00:19:47

HP:   0/95 (99)     AC: 15    Str: 26    XL:     10   Next: 88%
MP:   0/0           EV:  8    Int: 10    God:    Makhleb [**....]
Gold: 817           SH:  0    Dex: 14    Spells: 9/9 levels left

rFire    . . .     SeeInvis .   a - +2 broad axe (drain)
rCold    . . .     Faith    .   (no shield)
rNeg     . . .     Spirit   .   K - +0 plate armour
rPois    .         Reflect  .   c - +0 helmet
rElec    .         Harm     .   P - scarf {repulsion}
rCorr    .         Rampage  .   (no gloves)
Will     +....                  n - +1 pair of boots
Stlth    ..........             (no amulet)
HPRegen  0.00/turn              q - +6 ring of strength
MPRegen  0.07/turn              (no ring)

@: lightly drained, repel missiles
A: damage resistance, heal wounds, sense surroundings 2, no regeneration
a: Heal Wounds, Renounce Religion, Minor Destruction


You were on level 2 of the Orcish Mines.
You worshipped Makhleb.
Makhleb was pleased with you.
You visited 2 branches of the dungeon, and saw 11 of its levels.
You also visited: Sewer.

You collected 817 gold pieces.

Inventory:

Hand Weapons
 a - a +2 broad axe of draining (weapon)
 G - a +0 battleaxe
 J - a +1 war axe
Missiles
 d - 3 throwing nets (quivered)
 h - 87 sling bullets
 i - 171 stones
 p - 16 boomerangs
 r - 8 javelins
 y - a curare-tipped dart
Armour
 b - a +0 leather armour
 c - a +0 helmet (worn)
 n - a +1 pair of boots (worn)
 t - a +0 chain mail
 D - a +0 buckler
 K - a +0 plate armour (worn)
 P - a scarf of repulsion (worn)
Jewellery
 q - a +6 ring of strength (left hand)
 v - an amulet of reflection
 F - an amulet of faith
Wands
 I - a wand of paralysis (12)
 M - a wand of iceblast (2)
Scrolls
 g - 3 scrolls of blinking
 k - 2 scrolls of amnesia
 B - 4 scrolls of noise
 E - a scroll of teleportation
 N - a scroll of fear
Potions
 e - a potion of flight
 f - a potion of berserk rage
 l - a potion of magic {unknown}
 o - 3 potions of might {unknown}
 s - a potion of mutation {unknown}
 u - a potion of attraction {unknown}
 w - 2 potions of invisibility
 x - a potion of resistance {unknown}
 z - a potion of cancellation {unknown}
 A - 2 potions of curing
 H - a potion of brilliance {unknown}
Miscellaneous
 O - a piece from Xom's chessboard (15/15)


   Skills:
 + Level 9.5 Fighting
 + Level 13.2 Axes
 - Level 1.7 Throwing
 - Level 5.0 Armour
 - Level 3.2 Dodging
 - Level 2.9 Shields


You had 9 spell levels left.
You didn't know any spells.
Your spell library contained the following spells:

 Spells                   Type           Power      Damage    Failure   Level
 Corona                   Hex            0%         N/A       99%         1
 Foxfire                  Conj/Fire      0%         2x1d4     99%         1
 Magic Dart               Conj           0%         1d3       99%         1
 Sandblast                Erth           0%         2d4       99%         1
 Shock                    Conj/Air       0%         1d3       99%         1
 Blink                    Tloc           N/A        N/A       100%        2
 Corpse Rot               Necr/Air       N/A        N/A       100%        2
 Ensorcelled Hibernation  Hex/Ice        0%         N/A       100%        2
 Passwall                 Tmut/Erth      0%         N/A       100%        2
 Searing Ray              Conj           0%         3d3       100%        2
 Conjure Flame            Conj/Fire      0%         6-21      100%        3
 Inner Flame              Hex/Fire       0%         N/A       100%        3
 Lesser Beckoning         Tloc           0%         N/A       100%        3
 Swiftness                Air            0%         N/A       100%        3
 Tukima's Dance           Hex            0%         N/A       100%        3
 Airstrike                Air            0%         N/A       100%        4
 Dispel Undead            Necr           0%         3d6       100%        4
 Fulminant Prism          Conj/Hex       0%         3d6       100%        4
 Fireball                 Conj/Fire      0%         3d3       100%        5
 Lee's Rapid Deconstruct  Erth           0%         3d5*      100%        5
 Manifold Assault         Tloc           0%         N/A       100%        5
 Death Channel            Necr           0%         N/A       100%        6
 Starburst                Conj/Fire      0%         8x6d3     100%        6
 Ignition                 Fire           0%         3d3       100%        8


Dungeon Overview and Level Annotations

Branches:
Dungeon (9/15)             Temple (0/1) D:6            Lair (0/6) D:9
    Orc (2/2) D:9             Elf (0/3) Orc:2         Sewer (visited)

Altars:
Cheibriados
Fedhas
Sif Muna
Uskayaw
The Shining One

Shops:
D:2 (

Annotations:
D:8 3 runed translucent doors, Exaltedone87's ghost, novice DDFi
D:9 exclusion: obsidian statue


Innate Abilities, Weirdness & Mutations

You are resistant to damage.
You can heal yourself by infusing magical energy.
You passively map the area around you.
You do not regenerate.


Message History

The orc sorcerer hits you but does no damage.
You hit the orc sorcerer.
The orc sorcerer is heavily wounded.
The orc sorcerer gestures wildly while chanting. x2
You hit the orc sorcerer.
The orc sorcerer is severely wounded.
The orc sorcerer hits you but does no damage.
You hit the orc sorcerer.
The orc sorcerer is severely wounded.
You barely miss the sun demon.
You hit the chaos spawn but do no damage.
The chaos spawn misses you.
The ynoxinul gestures.
The orc sorcerer hits you with a +0 dagger.
The sun demon hits you but does no damage.
You hit the orc sorcerer but do no damage.
The orc sorcerer is severely wounded.
You closely miss the sun demon. You slash the chaos spawn!
The chaos spawn gores you but does no damage.
The sun demon hits you!
* * * LOW HITPOINT WARNING * * *
You are engulfed in flames!!
* * * LOW HITPOINT WARNING * * *
You slash the orc sorcerer! You drain the orc sorcerer.
The orc sorcerer is severely wounded.
You closely miss the sun demon.
You hit the orc sorcerer but do no damage.
You slash the chaos spawn!
The chaos spawn gores you but does no damage.
The sun demon closely misses you.
The orc sorcerer hits you with a +0 dagger.
You hit the orc sorcerer.
The orc sorcerer is severely wounded.
You completely miss the chaos spawn. You closely miss the orc sorcerer.
You hit the sun demon.
The orc sorcerer hits you but does no damage.
The sun demon hits you!
* * * LOW HITPOINT WARNING * * *
You are engulfed in flames!
You die...

#............... ,
,
##................,
, ,
#.................,
, ,
##.#..#...........
,, ,
###...#.......... ,
##...............
#$...............
,, ,
##.####..........,
## #3o@....... , ,
, #..4o3...... ,,
#...55....... ,,
##........... ,,,
#..........., , *
#........... , ,,
........#... , *
.........#..., * ,,
, * , , , , ,


You could see a sun demon (summoned), a ynoxinul (summoned), a chaos spawn
(summoned), 2 orc sorcerers and 2 ufetubi.

Vanquished Creatures
  A centaur warrior (Orc:2)
  Erica (D:8)
  2 trolls
  Grinder (Sewer)
  A basilisk (D:9)
  7 wargs
  2 water moccasins
  20 orc warriors
  A hornet zombie (D:8)
  A black bear (D:8)
  2 ogres (Orc:2)
  5 centaurs
  A kobold brigand (Sewer)
  A scorpion (D:3)
  3 wights (D:8)
  A howler monkey (D:4)
  2 electric eels (D:8)
  A centaur zombie (D:7)
  A bullfrog zombie (D:6)
  4 hounds
  9 orc priests
  2 quasits (Sewer)
  3 iguanas
  9 orc wizards
  A gnoll (D:4)
  9 adders
  A howler monkey skeleton (D:3)
  2 shadow imps (Sewer)
  A white imp (D:8)
  2 ufetubi (Sewer)
  3 adder zombies
  A worm (D:3)
  4 dart slugs
  38 orcs
  8 ball pythons
  2 endoplasms
  6 giant cockroaches
  8 goblins
  9 hobgoblins
  8 jackals
  22 kobolds
  8 quokkas
  4 bats
  2 frilled lizards
  2 kobold zombies (Sewer)
  4 rats
226 creatures vanquished.

Vanquished Creatures (collateral kills)
  A centaur (Orc:2)
1 creature vanquished.

Vanquished Creatures (others)
  An endoplasm (Sewer)
  A giant cockroach zombie (Sewer)
  12 plants
14 creatures vanquished.

Grand Total: 241 creatures vanquished

Notes
Turn   | Place    | Note
-------+----------+-------------------------------------------
     0 | D:1      | Strat the Deep Dwarf Gladiator began the quest for the Orb.
     0 | D:1      | Reached XP level 1. HP: 19/19 MP: 1/1
    94 | D:1      | Reached XP level 2. HP: 21/26 MP: 2/2
   108 | D:1      | Reached skill level 1 in Armour
   387 | D:1      | Reached XP level 3. HP: 13/33 MP: 3/3
   491 | D:2      | Reached skill level 4 in Axes
   572 | D:2      | Reached XP level 4. HP: 30/40 MP: 4/4
   712 | D:2      | Found Lathoep's Antique Weapon Shop.
   953 | D:3      | Noticed a scorpion
   958 | D:3      | Killed a scorpion
   959 | D:3      | Reached XP level 5. HP: 12/49 MP: 5/5
  1353 | D:4      | Found a glowing golden altar of the Shining One.
  1410 | D:4      | Found a snail-covered altar of Cheibriados.
  1575 | D:4      | Found a shimmering blue altar of Sif Muna.
  1682 | D:4      | Reached skill level 5 in Axes
  1691 | D:4      | Reached XP level 6. HP: 42/57 MP: 5/5
  1812 | D:5      | Entered Level 5 of the Dungeon
  1862 | D:5      | Found a glowing drain.
  1872 | Sewer    | Entered a sewer
  1999 | Sewer    | Found a burning altar of Makhleb.
  2017 | Sewer    | Became a worshipper of Makhleb the Destroyer
  2094 | Sewer    | Reached XP level 7. HP: 40/66 MP: 6/6
  2122 | Sewer    | Noticed Grinder
  2169 | Sewer    | Killed Grinder
  2170 | Sewer    | Reached skill level 6 in Axes
  2170 | Sewer    | Reached skill level 5 in Armour
  2254 | D:5      | Reached skill level 5 in Fighting
  2561 | D:5      | Found a hide-covered altar of Uskayaw.
  2778 | D:6      | Reached skill level 7 in Axes
  2814 | D:6      | Reached * piety under Makhleb
  2815 | D:6      | Reached XP level 8. HP: 34/74 MP: 6/6
  3036 | D:6      | Found a staircase to the Ecumenical Temple.
  3112 | D:7      | Reached skill level 8 in Axes
  3179 | D:7      | Found a blossoming altar of Fedhas.
  3830 | D:8      | Reached skill level 9 in Axes
  3870 | D:8      | Noticed Erica
  3890 | D:8      | Killed Erica
  3891 | D:8      | Reached skill level 10 in Axes
  3891 | D:8      | Gained mutation: You passively map the area around you.
                  | [Deep Dwarf growth]
  3891 | D:8      | Reached XP level 9. HP: 43/81 MP: 7/7
  4330 | D:8      | Found a runed translucent gate.
  4330 | D:8      | Found a runed translucent gate.
  4330 | D:8      | Found a runed translucent gate.
  4331 | D:8      | Noticed Exaltedone87's ghost (novice DDFi)
  4536 | D:9      | Found a staircase to the Lair.
  4563 | D:9      | Reached skill level 11 in Axes
  4693 | D:9      | Noticed an obsidian statue
  4694 | D:9      | Found the ring of Shadows {Umbra +Inv Stlth+}
  4783 | D:9      | Found a staircase to the Orcish Mines.
  4806 | D:9      | Reached ** piety under Makhleb
  4943 | Orc:1    | Entered Level 1 of the Orcish Mines
  5027 | Orc:1    | You fall into a shaft and drop 1 floor!
  5027 | Orc:2    | Entered Level 2 of the Orcish Mines
  5039 | Orc:1    | Noticed a troll
  5050 | Orc:1    | Killed a troll
  5051 | Orc:1    | Reached XP level 10. HP: 65/96 MP: 5/5
  5091 | Orc:1    | Found a transporter.
  5091 | Orc:1    | You fall into a shaft and drop 1 floor!
  5127 | Orc:2    | HP: 3/96 [orc priest/divine providence (9)]
  5135 | Orc:2    | Reached skill level 12 in Axes
  5227 | Orc:2    | HP: 4/96 [orc warrior (5)]
  5381 | Orc:2    | Noticed a centaur warrior
  5398 | Orc:2    | Killed a centaur warrior
  5399 | Orc:2    | Reached skill level 13 in Axes
  5607 | Orc:2    | Noticed an orc sorcerer
  5610 | Orc:2    | Noticed an orc sorcerer
  5616 | Orc:2    | Noticed a sun demon
  5620 | Orc:2    | Slain by a sun demon

Illustrated notes

Levels and vault maps discovered:
D:1:      tarquinn_simple_flora_water_c, layout_loops_ring,
          minmay_split_cup_large
D:2:      layout_rooms, serial_shops, nicolae_shop_trees, minivault_24
D:3:      layout_loops_corners, marbit_many_paths,
          chequers_serial_rivers_micro_c, uniq_jessica
D:4:      layout_loops_ring, mainiacjoe_overflow_boulevard, kennysheep_mini,
          kennysheep_slug_shrine
D:5:      layout_loops_cross, mainiacjoe_overflow_paths, portal_sewer_entry_f
D:6:      layout_basic, temple_fountains
D:7:      layout_loops_ring, fedhas_ov_isle_minmay
D:8:      layout_basic, serial_bayou, serial_bayou_pond_e,
          serial_bayou_lagoon_b, serial_bayou_shore_b, serial_bayou_ford_a,
          serial_bayou_lagoon_a, gammafunk_ghost_necromancy, uniq_erica
D:9:      layout_stronghold, erik_lair_orcish_takeover, david_orc_1_choice,
          minmay_protected_statue
Orc:1:    layout_caves, gammafunk_ghost_wrathful_warriors, serial_shops, shop,
          minmay_orc_keep
Orc:2:    st_orc_rangers, layout_diamond_mine

Skill      XL: |  1  2  3  4  5  6  7  8  9 10 |
---------------+-------------------------------+-----
Fighting       | 2 3 4 5 7 9 |  9.5
Armour         | 1 2 3 4 5 |  5.0
Axes           | 4 5 7 10 11 13 | 13.2
Shields        | 2 |  2.9
Throwing       | |  1.7
Dodging        | |  3.2

Action                   |  1- 3 |  4- 6 |  7- 9 | 10-12 || total
-------------------------+-------+-------+-------+-------++-------
Melee: War axe           |   103 |   177 |   181 |       ||   461
       Battleaxe         |       |       |   103 |    81 ||   184
       Broad axe         |       |       |       |    54 ||    54
 Abil: Heal Wounds       |     1 |     3 |    14 |    18 ||    36
Evoke: Wand              |       |       |     3 |       ||     3
  Use: Scroll            |       |     8 |     5 |     7 ||    20
       Potion            |       |       |       |     1 ||     1
Armor: Leather armour    |    40 |    23 |       |       ||    63
       Chain mail        |       |   105 |   149 |       ||   254
       Plate armour      |       |       |    37 |    94 ||   131
Dodge: Dodged            |    93 |   134 |   142 |    93 ||   462
       Repelled          |       |       |       |     3 ||     3
